 Dungeon Crawl Stone Soup version 0.20-a0-957-g47ad1fd (webtiles) character file.

429 Lifeless the Slasher (level 7, -1/55 HPs)
             Began as a Human Abyssal Knight on Apr 5, 2017.
             Was a Priest of Lugonu.
             Shot with an arrow by a centaur (9 damage)
             ... on level 6 of the Dungeon.
             The game lasted 00:29:08 (5581 turns).

Lifeless the Slasher (Human Abyssal Knight)         Turns: 5581, Time: 00:29:08

Health: -1/55      AC:  9    Str: 16    XL:     7   Next: 19%
Magic:  8/8        EV: 10    Int: 13    God:    Lugonu [***...]
Gold:   150        SH:  0    Dex: 14    Spells: 3/6 levels left

rFire    . . .     SeeInvis .   a - +1 falchion
rCold    . . .     Gourm    .   (no shield)
rNeg     . . .     Faith    .   y - +0 scale mail
rPois    .         Spirit   .   w - +0 helmet
rElec    .         Reflect  .   h - +0 cloak
rCorr    .         Harm     .   (no gloves)
MR       +....                  (no boots)
Stlth    ..........             n - amulet of regeneration
Regen    0.6/turn               z - ring of protection from magic
MPRegen  0.2/turn               x - +4 ring of strength

@: no status effects
A: no striking features
a: Depart the Abyss, Bend Space, Banish, Renounce Religion


You were on level 6 of the Dungeon.
You worshipped Lugonu.
Lugonu was most pleased with you.
You were very hungry.

You visited 2 branches of the dungeon, and saw 7 of its levels.
You visited the Abyss 1 time.

You collected 150 gold pieces.

Inventory:

Hand Weapons
 a - a +1 falchion (weapon)
 t - a +0 rapier
Armour
 h - a +0 cloak (worn)
 w - a +0 helmet (worn)
 y - a +0 scale mail (worn)
Jewellery
 n - an amulet of regeneration (around neck)
 v - an uncursed ring of resist corrosion
 x - a +4 ring of strength (right hand)
 z - a ring of protection from magic (left hand)
Wands
 l - a wand of random effects (21/48)
Scrolls
 d - a scroll of enchant armour
 e - a scroll of remove curse
 f - a scroll of magic mapping
 g - 4 scrolls of immolation
 j - a scroll of fog
 k - a scroll of fear
 m - a scroll of enchant weapon {unknown}
 q - 2 scrolls of recharging
 u - 3 scrolls of teleportation
Potions
 o - 2 potions of curing
 p - a potion of resistance
 r - a potion of heal wounds
Comestibles
 b - a royal jelly
 c - 3 bread rations
 i - 4 meat rations


   Skills:
 * Level 4.6 Fighting
 * Level 5.1 Long Blades
 + Level 3.0 Armour
 + Level 2.1 Dodging
 + Level 2.5 Invocations


You had 3 spell levels left.
You knew the following spells:

 Your Spells              Type           Power        Failure   Level  Hunger
a - Blink                 Tloc           N/A          98%         2    ###....
b - Magic Dart            Conj           #...         91%         1    ##.....


Dungeon Overview and Level Annotations

Branches:
Dungeon (6/15)             Temple (1/1) D:4

Altars:
Ashenzari
Cheibriados
Dithmenos
Elyvilon
Fedhas
Gozag
Hepliaklqana
Kikubaaqudgha
Makhleb
Nemelex Xobeh
Okawaru
Qazlal
Ru
Trog
Uskayaw
Vehumet
Wu Jian
Xom
Yredelemnul
Zin
The Shining One

Annotations:
D:3 need distr


Message History

An adder skeleton comes into view.
An iguana comes into view.
The iguana hisses angrily.
Found 15 gold pieces.
As you read the scroll of teleportation, it crumbles to dust.
You feel strangely unstable. The ogre barely misses you.
You riposte.
You hit the ogre.
The ogre is severely wounded.
Your surroundings suddenly seem different.
A centaur comes into view.
The centaur shouts!
The centaur hits you.
* * * LOW HITPOINT WARNING * * *
The centaur closely misses you.
You riposte.
You hit the centaur but do no damage.
Found a stone staircase leading up.
The centaur wields a shortbow.
The centaur shoots an arrow.
The arrow hits you!
* * * LOW HITPOINT WARNING * * *
The centaur shoots an arrow.
The arrow hits you!
You die...

#### #####...##
##.....# .###<##
##....@###.......
.........#..#
###......c.##
####.##### #. #.
#+


You could see a centaur.

Vanquished Creatures
  A scorpion (D:4)
  An orc priest (D:3)
  3 worker ants (D:4)
  A hound skeleton (D:4)
  Robin (D:3)
  14 adders
  An ooze (D:4)
  3 worms
  A dart slug (D:2)
  5 leopard geckos
  11 orcs
  A ball python (D:3)
  7 bats
  2 giant cockroaches
  18 goblins
  11 hobgoblins
  6 jackals
  2 quokkas
  6 frilled lizards
  6 kobolds
  9 rats
110 creatures vanquished.

Notes
Turn   | Place    | Note
-------+----------+-------------------------------------------
     0 | Abyss:1  | Lifeless the Human Abyssal Knight began the quest for the Orb.
     0 | Abyss:1  | Reached XP level 1. HP: 18/18 MP: 2/2
     6 | D:1      | Escaped the Abyss
   231 | D:1      | Reached XP level 2. HP: 18/24 MP: 3/3
   740 | D:1      | Reached ** piety under Lugonu
   804 | D:1      | Reached skill level 3 in Long Blades
   804 | D:1      | Reached XP level 3. HP: 29/29 MP: 4/4
  1718 | D:2      | Reached XP level 4. HP: 30/35 MP: 5/5
  2044 | D:2      | Reached skill level 4 in Long Blades
  2050 | D:2      | Found a shadowy altar of Dithmenos.
  2306 | D:2      | Learned a level 2 spell: Blink
  2317 | D:2      | Reached XP level 5. HP: 36/42 MP: 6/6
  2320 | D:2      | Learned a level 1 spell: Magic Dart
  2803 | D:3      | Noticed Robin
  2819 | D:3      | Reached *** piety under Lugonu
  2850 | D:3      | Killed Robin
  3015 | D:3      | Reached XP level 6. HP: 23/48 MP: 7/7
  4071 | D:4      | Found an ancient bone altar of Kikubaaqudgha.
  4072 | D:4      | Found a shimmering altar of Xom.
  4075 | D:4      | Found a snail-covered altar of Cheibriados.
  4076 | D:4      | Found a shattered altar of Ashenzari.
  4077 | D:4      | Found a glowing golden altar of the Shining One.
  4077 | D:4      | Found a blossoming altar of Fedhas.
  4079 | D:4      | Found a sacrificial altar of Ru.
  4083 | D:4      | Found a bloodstained altar of Trog.
  4084 | D:4      | Found a glowing silver altar of Zin.
  4140 | D:4      | Found a burning altar of Makhleb.
  4201 | D:4      | Reached skill level 5 in Long Blades
  4280 | D:4      | Found a staircase to the Ecumenical Temple.
  4439 | Temple   | Entered the Ecumenical Temple
  4634 | D:4      | Reached XP level 7. HP: 44/55 MP: 8/8
  4884 | D:4      | Found a sparkling altar of Nemelex Xobeh.
  5512 | D:5      | Entered Level 5 of the Dungeon
  5581 | D:6      | Shot with an arrow by a centaur

Vault maps used:
D:1:      dpeg_arrival_snail
D:2:      grunt_dithmenos_smoke
D:3:      portal_sewer_entry_d, first_bread, due_unseen_surprise, uniq_robin
D:4:      kennysheep_mini, lemuel_doored_altar, minitemple,
          minmay_temple_entry_mist
D:5:      kennysheep_generic_room_12
D:6:      lemuel_blue_sif_altar, basic_altar, st_stairs_9
Temple:   nicolae_temple_figure_zero

Skill      XL: |  1  2  3  4  5  6  7 |
---------------+----------------------+-----
Long Blades    | 3 4 5 |  5.1
Fighting       | 4 |  4.6
Armour         | 3 |  3.0
Dodging        | 2 |  2.1
Invocations    | |  2.5

Action                   |  1- 3 |  4- 6 |  7- 9 || total
-------------------------+-------+-------+-------++-------
Melee: Falchion          |    67 |   270 |    29 ||   366
       Rapier            |       |   114 |       ||   114
  Use: Potion            |     1 |       |       ||     1
       Scroll            |       |    12 |     1 ||    13
 Stab: Sleeping          |     2 |       |       ||     2
  Eat: Chunk             |     1 |     9 |     2 ||    12
       Fruit             |       |     2 |     1 ||     3
Armor: Leather armour    |    11 |    30 |       ||    41
       Chain mail        |       |    97 |       ||    97
       Scale mail        |       |    16 |     8 ||    24
Dodge: Dodged            |    30 |   159 |    17 ||   206
       Rpst.: Falchion   |    15 |    44 |     5 ||    64
